Map: Acolyte LE

Players

TerraSigma

  • Race: Terran Terran
  • Spawn Location: 7:00

Metasapien - Winner!

  • Race: Zerg Zerg
  • League: Platinum
  • Spawn Location: 1:00

VOD

Have the link to the VOD?

Description

Time

  • Played on: Sept. 17, 2017, 8:22 p.m.
  • Length: 12:13
Show
View Real Time Build Order
Export as new Build Order

TerraSigma Terran 

Build Orders: Reaper Expand, MMM Bio 

Get SALT Encoding   

  12  0:08  SCV  
  13  0:21  SCV, Supply Depot  
  14  0:41  SCV  
  15  0:47  Barracks  
  15  0:54  SCV  
  16  1:06  SCV  
  16  1:10  Refinery  
  17  1:18  SCV  
  17  1:25  Supply Depot  
  18  1:32  SCV  
  19  1:45  Orbital Command  
  19  1:48  Supply Depot  
  19  1:56  Reaper  
  20  2:06  Command Center  
  20  2:15  SCV  
  20  2:24  Refinery  
  20  2:27  SCV  
  21  2:38  Barracks Reactor  
  21  2:39  SCV  
  22  2:54  Factory  
  22  3:39  SCV  
  23  3:42  Factory Reactor  
  23  3:43  Starport  
  23  3:44  Marine x2  
  23  3:46  Orbital Command  
  25  3:53  SCV  
  26  3:55  Command Center  
  26  4:02  Marine x2  
  28  4:09  Barracks  
  28  4:11  Barracks  
  28  4:12  Barracks  
  28  4:15  SCV  
  29  4:17  SCV  
  30  4:26  Hellion  
  30  4:28  Hellion  
  30  4:30  Medivac  
  36  4:34  Marine x2  
  38  4:40  Supply Depot  
  38  4:44  SCV  
  39  4:47  SCV  
  40  4:55  Hellion x2  
  40  4:56  SCV  
  40  4:59  Barracks Tech Lab  
  45  5:01  Barracks Tech Lab  
  45  5:04  Barracks Reactor  
  45  5:27  Marine x2  
  47  5:29  Combat Shields  
  47  5:30  Stimpack  
  47  5:31  Marauder  
  47  5:32  Marauder  
  47  5:33  Starport Reactor  
  53  5:35  Hellion  
  53  5:37  Hellion  
  53  5:46  Marine x2  
  47  6:24  Widow Mine x2  
  47  6:30  SCV x2  
  47  6:32  Orbital Command  
  49  6:35  Refinery  
  49  6:37  Marauder x2  
  49  6:38  Marine x2  
  55  6:42  SCV x2  
  55  6:45  Marine x2  
  55  6:47  Medivac x2  
  63  6:54  SCV  
  64  7:03  Refinery  
  64  7:12  Marine x2  
  64  7:14  Marauder, Marine  
  69  7:22  Supply Depot  
  69  7:23  Armory  
  69  7:24  Supply Depot  
  69  7:40  Marauder  
  69  7:41  Orbital Command  
  69  7:43  Marine x2  
  71  7:48  Marine  
  71  7:49  Marine  
  73  7:55  Engineering Bay x2  
  55  8:56  Medivac x2  
  55  8:57  Marauder x2, Marine x3  
  55  8:58  Marine  
  67  9:06  Barracks x2  
  67  9:09  Barracks x2, Supply Depot  
  67  9:10  Supply Depot  
  67  9:11  Supply Depot  
  67  9:14  SCV x3  
  70  9:24  Terran Infantry Weapons Level 1  
  70  9:25  Terran Infantry Armor Level 1  
  70  9:26  SCV x3  
  73  9:55  Marine x4  
  73  9:56  Marauder x2  
  73  9:57  Marine x3  
  73  9:58  Marine  
  85  10:02  Medivac x2  
  87  10:13  Marine  
  67  10:29  Marauder x2  
  55  10:35  Marine  
  55  10:36  Marine x3  
  55  10:37  Marine x3  
  55  10:38  Marine  
  57  10:48  Hellbat x2  
  57  10:49  Medivac  
  60  10:50  Medivac, Marine x2  
  60  10:55  Marine x5  
  60  10:56  Marine  
  70  11:07  Marine  
  70  11:08  Marine  
  63  11:16  Marine  
  63  11:17  Marine x5  
  60  11:25  Marine  
  60  11:26  Marine  
  58  11:34  Marine  
  45  11:43  Marine x2  
  45  11:44  Marine x3  
  46  11:52  Marine  
Show
View Real Time Build Order
Export as new Build Order

Metasapien Zerg - Winner!

Build Orders: Pool First 

Get SALT Encoding   

  12  0:01  Drone  
  13  0:22  Spawning Pool  
  13  0:26  Drone  
  13  0:30  Drone  
  14  0:40  Extractor  
  14  0:41  Overlord  
  13  0:46  Drone  
  14  1:00  Drone x2  
  16  1:11  Drone  
  17  1:23  Zergling x2  
  18  1:35  Zergling x2  
  19  1:47  Hatchery  
  19  1:51  Queen  
  20  1:55  Zergling x2  
  21  2:06  Drone  
  21  2:08  Overlord  
  22  2:33  Drone  
  23  2:37  Drone  
  23  2:40  Hatchery  
  23  2:52  Drone x2  
  25  2:59  Pneumatized Carapace  
  25  3:11  Queen  
  26  3:31  Zergling x8  
  30  3:50  Spine Crawler  
  30  3:54  Drone  
  30  3:55  Drone x2  
  32  4:00  Roach Warren  
  32  4:01  Drone  
  32  4:02  Drone  
  33  4:13  Drone  
  33  4:16  Drone  
  33  4:17  Drone x2  
  36  4:18  Drone  
  36  4:21  Drone  
  39  4:32  Drone x3  
  42  4:39  Overlord  
  42  4:45  Overlord, Extractor  
  41  4:49  Overlord  
  41  4:53  Drone  
  41  4:56  Queen  
  41  4:57  Drone  
  41  4:58  Extractor  
  44  5:01  Extractor  
  44  5:03  Drone x4, Spine Crawler  
  46  5:11  Roach  
  46  5:12  Roach  
  46  5:13  Roach  
  52  5:15  Roach  
  52  5:18  Roach  
  56  5:30  Drone  
  56  5:31  Overlord  
  56  5:32  Overlord  
  57  5:36  Drone x2  
  57  5:37  Drone  
  59  5:43  Metabolic Boost  
  59  5:54  Roach x3  
  59  5:55  Roach  
  62  6:06  Zergling x8  
  62  6:26  Drone x3  
  65  6:35  Lair  
  65  6:36  Drone x2  
  65  6:37  Drone  
  68  6:40  Drone  
  68  6:41  Drone x3  
  72  6:52  Spine Crawler  
  72  6:53  Drone x2  
  73  6:58  Spore Crawler  
  72  7:02  Drone  
  72  7:03  Drone  
  72  7:04  Drone x2, Evolution Chamber  
  75  7:14  Roach x3  
  75  7:15  Roach  
  81  7:18  Overlord x2  
  81  7:29  Overlord x3  
  81  7:36  Zergling x8  
  85  7:38  Overseer  
  82  8:00  Spore Crawler  
  79  8:12  Roach x5  
  83  8:13  Roach x6  
  84  8:41  Queen  
  81  8:42  Drone x4  
  87  8:54  Overlord x3  
  87  8:59  Hydralisk Den  
  87  9:01  Hatchery  
  85  9:11  Glial Reconstitution  
  85  9:13  Drone x2  
  85  9:14  Drone  
  88  9:20  Extractor  
  88  9:23  Extractor  
  86  9:26  Zerg Missile Weapons Level 1  
  86  9:27  Drone x2  
  86  9:38  Hydralisk x3  
  84  9:39  Roach x2, Hydralisk x4  
  84  9:40  Roach x2  
  106  9:46  Ravager x2  
  106  9:47  Ravager  
  107  10:09  Ravager  
  86  10:36  Hydralisk x2  
  86  10:37  Roach  
  86  10:38  Zergling x16  
  94  11:12  Hydralisk x2  
  94  11:13  Roach x3  
  100  11:19  Queen  
  92  11:26  Drone x3  
  83  11:51  Overlord, Extractor  
  83  11:52  Extractor  
  83  11:53  Drone  
  79  11:55  Spore Crawler  
  77  12:06  Evolution Chamber  
Tags
 
Add a new tag
Caveats
  • Supply blocks, unpowered buildings, or Contaminate may cause inaccurate times.
  • Supply counts are checked every 10 seconds.